AoeStats
← HoldMyB33rforme

Arena

510247927Analyzed
4v4 RM · 11h ago on Sep 30, 2026· 42m 53s· 8 players
Game mode
Random Map
Map size
Large (8 player)
Population
200
Speed
Normal
Resources
Standard
Victory
Conquest
Starting age
Dark Age
Ending age
Imperial Age
RankedLock teamsTeams togetherTeam positionsShared explorationLock speedFull tech treeHidden civsTurbo modeCheats
Victory
Defeat
🇦🇺 Mongols · Australia
1030
+13
🇲🇽 Franks · Mexico
1019
+13
🇨🇱 Khitans · Chile
897
+18
🇨🇱 Cumans · Chile
864
+19
🇮🇩 Vietnamese · Indonesia
1062
-20
🇲🇽 Khitans · Mexico
947
-16
🇨🇦 Slavs · Canada
926
-15
🇮🇩 Franks · Indonesia
847
-12
HoldMyB33rforme
11:14 Feudal Age
15:11 Castle Age
13:05 Double-Bit Axe
13:41 Horse Collar
16:19 Bow Saw
21:35 Squires
23:04 Wheelbarrow
22:15 Loom
24:15 Scale Barding Armor
24:24 Forging
24:49 Hand Cart
24:59 Heavy Plow
25:01 Stone Mining
25:22 Fletching
25:44 Husbandry
26:27 Chain Barding Armor
26:55 Iron Casting
26:34 Gold Mining
27:36 Town Watch
27:48 Bodkin Arrow
28:18 Bloodlines
27:52 Pikeman
34:23 Imperial Age
35:12 Detinets
Parpastoplo
0:28 Loom
12:06 Feudal Age
16:11 Castle Age
14:48 Double-Bit Axe
14:44 Domestication
17:22 Bow Saw
17:22 Pastoralism
20:05 Pikeman
23:11 Wheelbarrow
26:29 Forging
27:11 Scale Barding Armor
29:36 Hand Cart
30:42 Chain Barding Armor
31:14 Scale Mail Armor
31:50 Iron Casting
31:30 Gold Mining
34:23 Imperial Age
31:55 Padded Archer Armor
31:43 Elite Skirmisher
33:43 Chain Mail Armor
33:48 Thumb Ring
34:35 Leather Archer Armor
34:11 Fletching
35:12 Imperial Skirmisher
36:43 Ring Archer Armor
36:09 Bodkin Arrow
37:01 Squires
36:47 Gambesons
36:48 Arson
38:41 Two-Man Saw
37:43 Pastoralism
38:47 Bracer
39:22 Conscription
40:16 Plate Mail Armor
40:07 Lamellar Armor
41:01 Plate Mail Armor
mAjiCode
11:15 Feudal Age
15:06 Castle Age
14:40 Loom
14:50 Double-Bit Axe
14:49 Horse Collar
16:42 Bow Saw
36:15 Wheelbarrow
37:30 Hand Cart
41:24 Imperial Age
39:13 Chatras
40:02 Bloodlines
39:52 Husbandry
40:14 Fletching
40:24 Padded Archer Armor
Picnic
11:16 Feudal Age
12:28 Double-Bit Axe
18:15 Castle Age
19:53 Forging
19:44 Scale Mail Armor
22:15 Scale Barding Armor
23:48 Wheelbarrow
25:11 Gold Mining
25:13 Stone Mining
26:29 Husbandry
28:07 Iron Casting
27:54 Chain Barding Armor
29:36 Hand Cart
37:36 Imperial Age
37:29 Gold Shaft Mining
37:48 Bow Saw
37:58 Caravan
39:42 Blast Furnace
40:11 Conscription
40:03 Chivalry
39:27 Cavalier
41:35 Paladin
INova Rojas
10:04 Feudal Age
10:58 Double-Bit Axe
17:11 Castle Age
21:55 Wheelbarrow
25:10 Gold Mining
25:11 Stone Mining
31:12 Imperial Age
28:33 Town Watch
31:09 Bow Saw
31:41 Forging
31:37 Scale Barding Armor
31:26 Fletching
31:37 Padded Archer Armor
34:08 Iron Casting
33:54 Chain Barding Armor
34:43 Gold Shaft Mining
34:25 Husbandry
33:45 Cavalier
35:53 Hand Cart
36:56 Blast Furnace
37:38 Plate Barding Armor
37:43 Chivalry
39:07 Chemistry
38:28 Ballistics
37:56 Paladin
39:15 Town Patrol
41:48 Leather Archer Armor
41:28 Bodkin Arrow
Shalashaska
2:43 Loom
11:03 Feudal Age
25:00 Castle Age
27:29 Double-Bit Axe
27:28 Horse Collar
27:41 Gold Mining
27:33 Capped Ram
30:22 Bow Saw
31:18 Heavy Plow
33:44 Thumb Ring
34:20 Fletching
34:59 Scale Barding Armor
35:11 Stone Mining
39:43 Wheelbarrow
39:46 Gold Shaft Mining
42:38 Ballistics
Shiverpops
11:25 Feudal Age
15:23 Castle Age
13:17 Double-Bit Axe
13:17 Horse Collar
16:22 Bow Saw
16:18 Heavy Plow
19:54 Gold Mining
23:02 Wheelbarrow
22:15 Loom
22:27 Stone Mining
24:01 Gold Shaft Mining
24:04 Stone Shaft Mining
25:40 Ballistics
25:13 Fletching
26:19 Hand Cart
26:22 Thumb Ring
27:14 Bodkin Arrow
27:44 Bloodlines
27:42 Husbandry
28:41 Padded Archer Armor
32:29 Imperial Age
31:47 Leather Archer Armor
32:43 Elite Mangudai
33:44 Conscription
34:30 Chemistry
33:33 Bracer
33:40 Scale Barding Armor
34:06 Parthian Tactics
36:34 Chain Barding Armor
36:35 Forging
37:50 Caravan
40:32 Iron Casting
39:23 Cavalier
42:42 Blast Furnace
セバスティアン
5:36 Loom
7:37 Loom
11:12 Feudal Age
13:46 Double-Bit Axe
14:32 Man-at-Arms
23:09 Castle Age
21:00 Domestication
22:36 Scale Mail Armor
22:46 Arson
23:32 Forging
24:16 Chain Mail Armor
24:27 Squires
25:12 Bow Saw
28:46 Iron Casting
28:47 Pikeman
37:46 Imperial Age
39:02 Plate Mail Armor
39:12 Wheelbarrow
38:44 Elite Fire Lancer
Connection lost

Rejoining the realm…

Still unreachable

The connection could not be restored.

Session expired

The server has moved on; the page needs a fresh start.